 Dungeon Crawl Stone Soup version 0.19-a0-1886-gd64a0f0 (webtiles) character file.

548 NightLight the Thaumaturge (level 7, -1/36 HPs)
             Began as a Deep Elf Conjurer on Oct 16, 2016.
             Was a Follower of Vehumet.
             Slain by a phantom (7 damage)
             ... on level 5 of the Dungeon.
             The game lasted 00:13:03 (4564 turns).

NightLight the Thaumaturge (Deep Elf Conjurer)      Turns: 4564, Time: 00:13:04

Health: -1/36      AC:  4    Str:  5    XL:     7   Next: 7%
Magic:  11/20      EV: 12    Int: 22    God:    Vehumet [*.....]
Gold:   182        SH:  0    Dex: 15    Spells: 2 memorised, 16 levels left

rFire  . . .     SeeInvis .     e - +1 war axe (chop)
rCold  . . .     Gourm    .     a - +0 robe
rNeg   . . .     Faith    .     (no shield)
rPois  .         Spirit   .     (no helmet)
rElec  .         Dismiss  .     u - +1 cloak
rCorr  .         Reflect  .     (no gloves)
MR     .....     Harm     .     (no boots)
Stlth  ++........               (no amulet)
                                (no ring)
                                g - ring of flight

@: hasted, drained, very quick
A: no striking features
a: Renounce Religion, Evoke Flight


You were on level 5 of the Dungeon.
You worshipped Vehumet.
Vehumet was aware of your devotion.
You were not hungry.

You visited 1 branch of the dungeon, and saw 5 of its levels.

You collected 182 gold pieces.

Inventory:

Hand Weapons
 e - a +1 war axe of chopping (weapon)
 f - a +0 spear
 i - a cursed -2 hunting sling
 s - a cursed -3 dagger
 t - a +0 long sword of freezing
Armour
 a - a +0 robe (worn)
 j - a +2 helmet
 u - a +1 cloak (worn)
Magical Staves
 w - an uncursed staff of summoning
Jewellery
 g - a ring of flight (left hand)
Wands
 l - a wand of slowing (7/48)
Scrolls
 d - 4 scrolls of remove curse {unknown}
 h - a scroll of enchant weapon {unknown}
 k - 2 scrolls of blinking {unknown}
 n - 3 scrolls of identify {unknown}
 o - a scroll of magic mapping {unknown}
 p - a scroll of random uselessness {unknown}
Books
 b - a book of Conjurations

   Spells                             Type                      Level
   a - Magic Dart                     Conjuration                  1
   b - Searing Ray                    Conjuration                  2
   c - Dazzling Spray                 Conjuration/Hexes            3
   d - Fulminant Prism                Conjuration/Hexes            4
   e - Iskenderun's Mystic Blast      Conjuration                  4
   f - Iskenderun's Battlesphere      Conjuration/Charms           5
Comestibles
 c - 4 bread rations
 m - 2 fruits
 q - a meat ration
 v - a chunk of flesh


   Skills:
 - Level 2.4(1.9) Dodging
 - Level 2.4(1.9) Stealth
 - Level 8.1(7.5) Spellcasting
 - Level 4.3(3.8) Conjurations
 + Level 6.7(6.1) Charms


You had 16 spell levels left.
You knew the following spells:

 Your Spells              Type           Power        Failure   Level  Hunger
a - Magic Dart            Conj           ####         1%          1    None
b - Iskenderun's Battles  Conj/Chrm      ####....     34%         5    #####..


Dungeon Overview and Level Annotations

Branches:
Dungeon (5/15)
 Temple: D:4-7

Altars:
Hepliaklqana
Kikubaaqudgha
Nemelex Xobeh
Vehumet
Zin


Message History

You slash the orc wizard!
The orc wizard is almost dead.
The orc wizard hits you with a dagger. The orc priest closely misses you.
The orc wizard hits you but does no damage.
You barely miss the orc priest. You closely miss the orc wizard.
The orc priest hits you with a dagger of draining.
* * * LOW HITPOINT WARNING * * *
You feel drained.
* * * LOW HITPOINT WARNING * * *
The orc wizard barely misses you. The phantom barely misses you.
It was a potion of cancellation.
You feel magically purged.
The crimson imp blinks!
The orc priest looks satisfied for a moment.
The orc wizard hits you but does no damage.
The phantom barely misses you.
It was a potion of haste.
You feel yourself speed up. The orc priest closely misses you.
The orc wizard hits you but does no damage.
The phantom hits you!
You die...

################ # ...
..........# # #.
##.###.#######.###
#.#.##...##.# #.....#
#...Wo.#.##.# ###.....#
#.o@...##.###.......#
#...###.........#.....#
....# #..##.#####...<.#
5#. #..##<# ###.รท..
#..##.# ##... #..##.#
#..# ......# #..#
##..#### #..# ...# #..#


You could see a phantom, an orc priest, an orc wizard and a crimson imp.

Vanquished Creatures
  An ice beast (D:3)
  A scorpion (D:4)
  A howler monkey (D:5)
  A hound (D:5)
  Jessica (D:2)
  Natasha (thrice) (D:4)
  2 worker ants (D:4)
  Robin (D:4)
  3 gnolls (D:4)
  2 adders (D:3)
  An adder skeleton (D:5)
  3 worms
  3 dart slugs
  4 leopard geckos
  10 orcs
  4 ball pythons
  10 bats
  7 giant cockroaches
  13 goblins
  7 hobgoblins
  7 jackals
  10 kobolds
  A quokka (D:2)
  4 frilled lizards
  10 rats
110 creatures vanquished.

Vanquished Creatures (others)
  A human (D:3)
1 creature vanquished.

Grand Total: 111 creatures vanquished

Notes
Turn   | Place    | Note
-------+----------+-------------------------------------------
     0 | D:1      | NightLight the Deep Elf Conjurer began the quest for the Orb.
     0 | D:1      | Reached XP level 1. HP: 10/10 MP: 6/6
   279 | D:1      | Reached XP level 2. HP: 15/15 MP: 3/8
   281 | D:1      | Reached skill level 4 in Spellcasting
   635 | D:1      | Reached XP level 3. HP: 8/19 MP: 4/11
  1099 | D:2      | Reached skill level 5 in Spellcasting
  1411 | D:2      | Found a sparkling altar of Nemelex Xobeh.
  1605 | D:2      | Noticed Jessica
  1610 | D:2      | Killed Jessica
  1610 | D:2      | Reached skill level 6 in Spellcasting
  1610 | D:2      | Reached XP level 4. HP: 24/24 MP: 8/14
  2059 | D:3      | Found an ancient bone altar of Kikubaaqudgha.
  2423 | D:3      | Reached skill level 7 in Spellcasting
  2601 | D:3      | Noticed an ice beast
  2609 | D:3      | Killed an ice beast
  2609 | D:3      | Reached skill level 8 in Spellcasting
  2609 | D:3      | Reached XP level 5. HP: 28/28 MP: 7/17
  2616 | D:3      | Learned a level 5 spell: Iskenderun's Battlesphere
  2732 | D:3      | Noticed a human
  2733 | D:3      | Killed a human
  2777 | D:3      | Found a radiant altar of Vehumet.
  2787 | D:3      | Became a worshipper of Vehumet
  2867 | D:3      | Reached skill level 1 in Charms
  3017 | D:4      | Reached XP level 6. HP: 32/32 MP: 8/19
  3092 | D:4      | Noticed Natasha
  3098 | D:4      | Killed Natasha
  3381 | D:4      | Found a hazy altar of Hepliaklqana.
  3435 | D:4      | Noticed Robin
  3536 | D:4      | Noticed Natasha
  3543 | D:4      | Killed Natasha
  3746 | D:4      | Noticed Natasha
  3755 | D:4      | Killed Natasha
  3755 | D:4      | Reached skill level 5 in Charms
  3868 | D:4      | Killed Robin
  3868 | D:4      | Reached * piety under Vehumet
  3868 | D:4      | Offered knowledge of Flame Tongue by Vehumet.
  4164 | D:4      | Found a glowing silver altar of Zin.
  4493 | D:5      | Entered Level 5 of the Dungeon
  4557 | D:5      | Reached XP level 7. HP: 27/36 MP: 10/20
  4564 | D:5      | Slain by a phantom

Vault maps used:
D:1:      scummos_arrival_simple_fountains, serial_bayou_pond_c
D:2:      nemelex_spade_bored_becter, uniq_jessica
D:3:      nicolae_overflow_crystal_walls, tgw_kikubaaqudgha
D:4:      minitemple, first_bread, uniq_robin, uniq_natasha
D:5:      lightli_sewer_entry_pipes, uniq_sigmund, uniq_grinder

Skill      XL: |  1  2  3  4  5  6 |
---------------+-------------------+-----
Spellcasting   | 4 6 8 |  8.1
Charms         | 2 6 |  6.7
Dodging        | |  2.4
Stealth        | |  2.4
Conjurations   | |  4.3

Action                   |  1- 3 |  4- 6 |  7- 9 || total
-------------------------+-------+-------+-------++-------
Melee: Spear             |    22 |    19 |       ||    41
       War axe           |       |       |     5 ||     5
 Cast: Magic Dart        |    61 |   221 |     1 ||   283
  Use: Potion            |       |     4 |     2 ||     6
 Stab: Sleeping          |     3 |       |       ||     3
  Eat: Chunk             |     2 |     9 |       ||    11
Armor: Robe              |     7 |    15 |     3 ||    25
       Skin              |       |     6 |       ||     6
Dodge: Dodged            |    28 |    66 |     6 ||   100
